 Dungeon Crawl Stone Soup version 0.19-a0-1675-gc11f27c (webtiles) character file.

55 TheGoonsmith the Sneak (level 3, -6/18 HPs)
             Began as a Vine Stalker Enchanter on Sept 23, 2016.
             Killed from afar by Natasha (7 damage)
             ... with a magic dart
             ... on level 2 of the Dungeon.
             The game lasted 00:02:15 (1768 turns).

TheGoonsmith the Sneak (Vine Stalker Enchanter)     Turns: 1768, Time: 00:02:15

Health: -6/18      AC:  4    Str: 10    XL:     3   Next: 93%
Magic:  0/7        EV: 12    Int: 16    God:
Gold:   58         SH:  0    Dex: 14    Spells: 2 memorised, 2 levels left

rFire  . . .     SeeInvis .     a - +1 dagger
rCold  . . .     Gourm    .     b - +1 robe
rNeg   . . .     Faith    .     (no shield)
rPois  .         Spirit   +     g - +0 helmet
rElec  .         Dismiss  .     (no cloak)
rCorr  .         Reflect  .     (no gloves)
MR     .....     Harm     .     (no boots)
Stlth  ++........               (no amulet)
                                (no ring)
                                (no ring)

@: no status effects
A: fangs 2, magic shield, antimagic bite, no device heal 3, rot immunity
a: no special abilities


You were on level 2 of the Dungeon.
You were hungry.

You visited 1 branch of the dungeon, and saw 2 of its levels.

You collected 58 gold pieces.

Inventory:

Hand Weapons
 a - a +1 dagger (weapon)
Missiles
 l - 2 tomahawks of dispersal (quivered)
 n - 53 poisoned needles
Armour
 b - a +1 robe (worn)
 g - a +0 helmet (worn)
Scrolls
 f - a scroll of teleportation {unknown}
 j - 3 scrolls of identify {unknown}
 k - a scroll of remove curse {unknown}
 m - a scroll of magic mapping {unknown}
Potions
 e - a potion of flight {unknown}
 h - a potion of curing {unknown}
 p - a potion of cure mutation {unknown}
Books
 c - a book of Maledictions

   Spells                             Type                      Level
   a - Corona                         Hexes                        1
   b - Ensorcelled Hibernation        Hexes/Ice                    2
   c - Confuse                        Hexes                        3
   d - Tukima's Dance                 Hexes                        3
   e - Dazzling Spray                 Conjuration/Hexes            3
Comestibles
 d - 2 bread rations
 i - a meat ration


   Skills:
 + Level 1.6 Fighting
 * Level 2.6 Short Blades
 - Level 1.5 Dodging
 - Level 3.6 Stealth
 - Level 2.1 Spellcasting
 - Level 3.0 Hexes


You had 2 spell levels left.
You knew the following spells:

 Your Spells              Type           Power        Failure   Level  Hunger
a - Corona                Hex            ##.....      8%          1    #......
b - Tukima's Dance        Hex            ##......     17%         3    ###....


Dungeon Overview and Level Annotations

Branches:
Dungeon (2/15)

Altars:

Annotations:
D:2 Natasha


Innate Abilities, Weirdness & Mutations

You have extremely sharp teeth.
When hurt, damage is shared between your health and your magic reserves.
Your bite disrupts and absorbs the magic of your enemies.
Potions and wands cannot restore your health.
You are immune to rotting.


Message History

Natasha blinks!
Natasha stares at you and mumbles some strange words.
The magic dart hits you!
You hit Natasha.
Natasha is moderately wounded.
Natasha claws you!
You closely miss Natasha.
Natasha is moderately wounded.
Natasha barely misses you.
You hit Natasha.
Natasha is heavily wounded.
Natasha claws you!
* * * LOW HITPOINT WARNING * * *
You hit Natasha.
Natasha is heavily wounded.
You hit Natasha.
Natasha is severely wounded.
Natasha casts a spell at you. The magic dart hits you!
You die...

#........ ...###........#
#.......# ###.#.#.....#.#
#.......# #..........#.#
.>..... #.#.########.#
#.#.h# ####....### #.#
#...# #.........## #.#
##..# #.##.÷.....####.#
##.###.##............#
#...h@....<.#...##..##
#....#.≈.≈......###..##
#.#...#≈.≈.≈#.#..###....
#.##.#.##...#.........###
## #(#.##.≈.#.........#
#.#.##...#.##..###.#
..#.##.≈.####..###.# #
#.##...#.........# #.
#.....###.#


You could see Natasha.

Vanquished Creatures
  Natasha (D:2)
  A worm (D:2)
  A dart slug (D:2)
  4 bats (D:1)
  A giant cockroach (D:2)
  3 goblins
  3 hobgoblins (D:1)
  3 jackals (D:1)
  A ball python (D:2)
  3 frilled lizards
  5 rats
26 creatures vanquished.

Notes
Turn   | Place    | Note
-------+----------+-------------------------------------------
     0 | D:1      | TheGoonsmith the Vine Stalker Enchanter began the quest for the Orb.
     0 | D:1      | Reached XP level 1. HP: 9/9 MP: 4/4
    79 | D:1      | Reached skill level 1 in Short Blades
   318 | D:1      | Reached XP level 2. HP: 10/14 MP: 6/6
   567 | D:1      | Reached skill level 1 in Fighting
  1242 | D:2      | Reached XP level 3. HP: 17/18 MP: 7/7
  1295 | D:2      | Learned a level 3 spell: Tukima's Dance
  1365 | D:2      | Noticed Natasha
  1376 | D:2      | Killed Natasha
  1442 | D:2      | Noticed Natasha
  1768 | D:2      | Killed from afar by Natasha

Vault maps used:
D:1:      moated_graveyard_arrival, minmay_surrounded
D:2:      minmay_wonky_spiral, grunt_temple_overflow_gold_and_silver,
          nicolae_ru_path_of_blood, uniq_natasha

Skill      XL: |  1  2 |
---------------+-------+-----
Short Blades   | 1 2 |  2.6
Fighting       | 1 |  1.6
Dodging        | |  1.5
Stealth        | |  3.6
Spellcasting   | |  2.1
Hexes          | |  3.0

Action                   || total
-------------------------++-------
Melee: Dagger            ||    92
       Bite              ||    14
Throw: Tomahawk          ||     2
 Cast: Corona            ||     3
 Stab: Sleeping          ||     3
  Eat: Chunk             ||     2
Armor: Robe              ||    24
Dodge: Dodged            ||    57
